Rafales vs Knights
(R1)
Created - November 15, 2018 at 19:04
Goals
|
Rafales |
0 |
1 |
3 |
4 |
Knights |
4 |
3 |
5 |
12 |
|
Shots
|
Rafales |
10 |
9 |
15 |
34 |
Knights |
11 |
13 |
10 |
34 |
|
1st period
1. Knights , Stefan Matteau 2 (Jaccob Slavin 7) at 9:19
2. Knights , Pavel Buchnevich 11 (Michael Raffl 6, Noel Acciari 11) at 9:33
3. Knights , Pavel Buchnevich 12 (Jaccob Slavin 8) at 16:59 (PP)
4. Knights , Michael Raffl 9 (Noel Acciari 12, Pavel Buchnevich 12) at 17:29
Penalties :
Dylan McIlrath (Stf) for Roughing (Minor) at 2:52, Dylan McIlrath (Stf) for Holding (Minor) at 16:51
2nd period
5. Knights , Josh Bailey 2 (Michael Matheson 3) at 3:40
6. Knights , Jonathan Drouin 3 (Michael Matheson 4, Jordan Martinook 3) at 7:38
7. Knights , Josh Bailey 3 (Jonathan Drouin 2, Jordan Martinook 4) at 11:21
8. Rafales , Jayson Megna 4 (Chris Terry 3, James Marcou 3) at 12:17
Penalties :
Noel Acciari (Lon) for Goalie Interference (Minor) at 5:23, Jared Spurgeon (Lon) for Fighting (Major) at 11:22, Cody McLeod (Stf) for Fighting (Major) at 11:22, Dylan McIlrath (Stf) for Hooking (Minor) at 15:17
3rd period
9. Knights , Pavel Buchnevich 13 (Jaccob Slavin 9, Michael Matheson 5) at 0:31
10. Knights , Jaccob Slavin 5 (Michael Raffl 7, Noel Acciari 13) at 4:45 (PP)
11. Knights , Pavel Buchnevich 14 (Noel Acciari 14, Michael Raffl 8) at 5:01
12. Knights , Noel Acciari 6 (Michael Raffl 9, Pavel Buchnevich 13) at 8:52
13. Rafales , Tim Crowder 4 (Kevin Veilleux 3) at 9:49
14. Knights , Josh Bailey 4 (Jordan Martinook 5, Jonathan Drouin 3) at 10:44
15. Rafales , Mike Zigomanis 13 (Cody McLeod 11, Dennis Persson 1) at 12:16
16. Rafales , Milan Bartovic 4 (Cody McLeod 12, Mike Zigomanis 13) at 14:28
Penalties :
Dennis Persson (Stf) for Slashing (Minor) at 4:29
Goalie Stats
Chris Driedger (Stf), 13 saves from 19 shots - (0.684), L, 0-2-0, 27:38 minutes
Leland Irving (Stf), 9 saves from 15 shots - (0.600), 32:22 minutes
Ben Scrivens (Lon), 30 saves from 34 shots - (0.882), W, 5-3-1, 60:00 minutes
Players Stats for Rafales
Player Name G A P +/- PIM S H SB GA TA FO MP PP MP PK MP
------------------------------------------------------------------------------------
Brian Ferlin 0 0 0 -2 0 0 1 1 0 1 0/0 16:48 0:55 1:10
Carl Klingberg 0 0 0 -2 0 0 2 0 0 1 0/0 17:47 0:55 1:41
Chris Terry 0 1 1 1 0 1 0 0 1 0 0/0 7:04 0:00 0:00
Cody McLeod 0 2 2 -3 5 8 2 1 0 0 0/4 21:25 1:04 1:57
Connor Murphy 0 0 0 -4 0 2 1 2 0 2 0/0 28:47 1:18 2:31
Dennis Persson 0 1 1 -2 2 2 0 1 0 0 0/0 17:55 0:00 1:51
Dylan McIlrath 0 0 0 1 6 1 1 0 0 1 0/0 12:20 0:00 0:00
James Marcou 0 1 1 1 0 1 1 0 0 0 0/0 7:04 0:00 0:00
Jayson Megna 1 0 1 1 0 3 1 0 0 0 1/1 7:46 0:00 0:42
Julian Melchiori 0 0 0 0 0 0 0 2 0 0 0/0 13:17 0:41 0:00
Kevin Veilleux 0 1 1 -2 0 0 1 0 1 2 2/4 11:58 0:00 0:00
Matt Gilroy 0 0 0 -4 0 2 2 2 5 0 0/0 28:47 1:18 2:31
Michael Bournival 0 0 0 -2 0 1 2 1 0 0 0/0 13:52 0:00 0:50
Mike Zigomanis 1 1 2 -3 0 3 2 0 0 0 32/53 23:20 1:04 2:25
Milan Bartovic 1 0 1 -3 0 4 1 0 0 1 1/1 20:55 1:04 0:00
Nathan Davis 0 0 0 -2 0 4 3 1 0 1 4/14 15:38 0:55 0:00
Slater Koekkoek 0 0 0 -3 0 0 1 1 0 2 0/0 18:53 0:41 1:51
Tim Crowder 1 0 1 -2 0 2 0 0 0 1 0/0 11:58 0:00 0:00
Players Stats for Knights
Player Name G A P +/- PIM S H SB GA TA FO MP PP MP PK MP
------------------------------------------------------------------------------------
Brendan Gaunce 0 0 0 -2 0 0 1 0 0 0 3/5 10:04 0:00 0:03
Collin Miller 0 0 0 -1 0 1 1 0 0 0 0/0 14:59 1:53 0:46
Jaccob Slavin 1 3 4 2 0 2 0 1 1 0 0/0 23:14 2:00 0:00
Jared Spurgeon 0 0 0 4 5 1 3 0 0 0 0/0 24:22 2:06 0:46
Jonathan Drouin 1 2 3 3 0 3 1 1 1 1 6/15 17:11 1:46 0:00
Jordan Martinook 0 3 3 3 0 0 3 3 1 0 2/3 15:24 0:00 0:00
Josh Bailey 3 0 3 3 0 4 1 0 1 1 1/2 17:11 1:46 0:00
Josh Morrissey 0 0 0 -1 0 0 1 0 0 0 0/0 12:06 0:04 0:00
Linden Vey 0 0 0 -2 0 2 0 0 1 0 2/2 12:38 1:46 1:05
Michael Matheson 0 3 3 3 0 2 1 1 1 1 0/0 21:32 1:50 1:13
Michael Raffl 1 4 5 4 0 6 4 0 2 1 0/1 23:24 2:34 1:05
Noel Acciari 1 4 5 4 2 3 5 1 2 0 23/46 22:18 2:34 0:00
Pavel Buchnevich 4 2 6 4 0 5 0 1 0 0 0/1 22:19 2:34 0:00
Scott Wilson 0 0 0 -2 0 0 0 0 0 0 0/0 10:38 0:02 0:17
Stefan Matteau 1 0 1 1 0 4 0 0 1 0 0/2 9:21 0:02 0:51
Tom Wilson 0 0 0 1 0 1 2 2 1 0 0/0 9:22 0:02 0:37
Valentin Zykov 0 0 0 1 0 0 0 0 0 1 0/0 8:10 0:00 0:00
Zach Trotman 0 0 0 5 0 0 1 2 0 2 0/0 23:46 0:51 1:13
3 Stars
1 - Pavel Buchnevich (Lon)
2 - Michael Raffl (Lon)
3 - Noel Acciari (Lon)
Power Play
Rafales - 0 on 1 Attempt(s) - 0.00%
Knights - 2 on 4 Attempt(s) - 50.00%
Penalty Kill
Rafales - 2 on 4 Attempt(s) - 50.00%
- Score 0 goal in Penalty Kill
Knights - 1 on 1 Attempt(s) - 100.00%
- Score 0 goal in Penalty Kill
Team Stat
Rafales - Hits : 21 - Faceoff Wins : 40 - Blocked Shots : 12 - Penalty Minutes : 13
Knights - Hits : 24 - Faceoff Wins : 37 - Blocked Shots : 12 - Penalty Minutes : 7
Official
Referees : Unknown
Linesman : Unknown
Game Notes
Leland Irving enters game at 7:38 of 2nd period
Jared Spurgeon beats up Cody McLeod at 11:22 of 2nd period
Pavel Buchnevich has scored a Hat Trick!
Josh Bailey has scored a Hat Trick!
Finance
Level 1 -- Attendance: 1392 (69.60%) -- Ticket Income $37,584
Level 2 -- Attendance: 804 (80.40%) -- Ticket Income $12,060
Total Attendance: 2196 (73.20%)
Total Ticket Income: $49,644
Other Income: $2,482
Total Income: $52,126
Rafales
5 vs 5 Forward
Center Left Wing Right Wing Time % Phy DF OF
1 Mike Zigomanis Cody McLeod Milan Bartovic 40 0 1 4
2 Nathan Davis Carl Klingberg Brian Ferlin 30 1 1 3
3 Kevin Veilleux Michael Bournival Tim Crowder 20 2 1 2
4 Jayson Megna Chris Terry James Marcou 10 2 2 1
5 vs 5 Defense
Defense Defense Time % Phy DF OF
1 Connor Murphy Matt Gilroy 40 1 3 1
2 Dennis Persson Slater Koekkoek 30 1 3 1
3 Julian Melchiori Dylan McIlrath 20 1 3 1
4 Connor Murphy Matt Gilroy 10 1 3 1
PowerPlay Forward
Center Left Wing Right Wing Time % Phy DF OF
1 Mike Zigomanis Cody McLeod Milan Bartovic 60 0 0 5
2 Nathan Davis Carl Klingberg Brian Ferlin 40 0 0 5
PowerPlay Defense
Defense Defense Time % Phy DF OF
1 Connor Murphy Matt Gilroy 60 0 2 3
2 Julian Melchiori Slater Koekkoek 40 0 2 3
Penalty Kill 4 Players Forward
Center Wing Time % Phy DF OF
1 Mike Zigomanis Cody McLeod 60 1 3 1
2 Carl Klingberg Michael Bournival 40 1 3 1
Penalty Kill 4 Players Defense
Defense Defense Time % Phy DF OF
1 Connor Murphy Matt Gilroy 60 2 3 0
2 Dennis Persson Slater Koekkoek 40 2 3 0
Penalty Kill - 3 Players Forward
Forward Time % Phy DF OF
1 Mike Zigomanis 60 1 4 0
2 Cody McLeod 40 1 4 0
Penalty Kill - 3 Players Defense
Defense Defense Time % Phy DF OF
1 Connor Murphy Matt Gilroy 60 1 4 0
2 Dennis Persson Slater Koekkoek 40 1 4 0
4 vs 4 Forward
Center Wing Time % Phy DF OF
1 Mike Zigomanis Cody McLeod 60 1 1 3
2 Carl Klingberg Michael Bournival 40 1 1 3
4 vs 4 Defense
Defense Defense Time % Phy DF OF
1 Connor Murphy Matt Gilroy 60 1 3 1
2 Dennis Persson Slater Koekkoek 40 1 3 1
Last Minutes Offensive
Center Left Wing Right Wing Defense Defense
Mike Zigomanis Cody McLeod Milan Bartovic Connor Murphy Matt Gilroy
Last Minutes Defensive
Center Left Wing Right Wing Defense Defense
Mike Zigomanis Cody McLeod Milan Bartovic Connor Murphy Matt Gilroy
Goaltenders
Starting : Chris Driedger
Backup : Leland Irving
Extra Forwards
Normal : Cody McLeod, Mike Zigomanis, Michael Bournival - PP : Cody McLeod, Mike Zigomanis - PK : Brian Ferlin
Extra Defensemen
Normal : Matt Gilroy, Dennis Persson, Connor Murphy - PP : Matt Gilroy - PK : Dennis Persson, Slater Koekkoek
Penalty Shots
Mike Zigomanis, Cody McLeod, Carl Klingberg, Michael Bournival, Milan Bartovic
Scratches
Ben Sexton (Healthy), Cedric Paquette (Healthy), Ryan Bourque (Healthy), Ben Johnson (Healthy), Nicklas Jensen (Healthy)
Brad Ross (Healthy), Ben Thomson (Healthy), Tyrell Goulbourne (Healthy), David Broll (Healthy), Stefan Chaput (Healthy)
Akim Aliu (Healthy), Maksim Mayorov (Healthy)
Knights
5 vs 5 Forward
Center Left Wing Right Wing Time % Phy DF OF
1 Noel Acciari Michael Raffl Pavel Buchnevich 38 1 2 2
2 Jonathan Drouin Jordan Martinook Josh Bailey 30 1 2 2
3 Brendan Gaunce Scott Wilson Linden Vey 18 1 2 2
4 Stefan Matteau Valentin Zykov Tom Wilson 14 2 1 2
5 vs 5 Defense
Defense Defense Time % Phy DF OF
1 Jared Spurgeon Zach Trotman 40 1 2 2
2 Michael Matheson Jaccob Slavin 30 1 1 3
3 Josh Morrissey Collin Miller 20 1 2 2
4 Jared Spurgeon Jaccob Slavin 10 1 2 2
PowerPlay Forward
Center Left Wing Right Wing Time % Phy DF OF
1 Noel Acciari Michael Raffl Pavel Buchnevich 60 1 1 3
2 Jonathan Drouin Linden Vey Josh Bailey 40 1 1 3
PowerPlay Defense
Defense Defense Time % Phy DF OF
1 Jaccob Slavin Jared Spurgeon 60 0 1 4
2 Collin Miller Michael Matheson 40 0 1 4
Penalty Kill 4 Players Forward
Center Wing Time % Phy DF OF
1 Linden Vey Michael Raffl 60 1 3 1
2 Noel Acciari Tom Wilson 40 1 3 1
Penalty Kill 4 Players Defense
Defense Defense Time % Phy DF OF
1 Michael Matheson Zach Trotman 60 1 3 1
2 Jared Spurgeon Collin Miller 40 1 3 1
Penalty Kill - 3 Players Forward
Forward Time % Phy DF OF
1 Michael Raffl 60 0 4 1
2 Linden Vey 40 0 4 1
Penalty Kill - 3 Players Defense
Defense Defense Time % Phy DF OF
1 Zach Trotman Jared Spurgeon 60 1 3 1
2 Jaccob Slavin Collin Miller 40 1 3 1
4 vs 4 Forward
Center Wing Time % Phy DF OF
1 Noel Acciari Michael Raffl 60 1 2 2
2 Stefan Matteau Josh Bailey 40 1 2 2
4 vs 4 Defense
Defense Defense Time % Phy DF OF
1 Jared Spurgeon Jaccob Slavin 60 1 2 2
2 Michael Matheson Josh Morrissey 40 1 2 2
Last Minutes Offensive
Center Left Wing Right Wing Defense Defense
Noel Acciari Michael Raffl Josh Bailey Jared Spurgeon Jaccob Slavin
Last Minutes Defensive
Center Left Wing Right Wing Defense Defense
Noel Acciari Michael Raffl Tom Wilson Zach Trotman Jared Spurgeon
Goaltenders
Starting : Ben Scrivens
Backup : Magnus Hellberg
Extra Forwards
Normal : Tom Wilson, Linden Vey, Michael Raffl - PP : Tom Wilson, Michael Raffl - PK : Michael Raffl
Extra Defensemen
Normal : Jaccob Slavin, Jared Spurgeon, Michael Matheson - PP : Jaccob Slavin - PK : Jaccob Slavin, Jared Spurgeon
Penalty Shots
Michael Raffl, Noel Acciari, Pavel Buchnevich, Tom Wilson, Linden Vey
Scratches
Zach Nastasiuk (Healthy), Cody Bass (Healthy), Alan Quine (Healthy), Matt Puempel (Healthy), David Shields (Healthy)
Matthew Benning (Healthy), Matt Grzelcyk (Healthy), Trevor Moore (Healthy), Curtis Valk (Healthy), Anthony Louis (Healthy)
Ludwig Bystrom (Healthy), Brett Connolly (Healthy), Travis Boyd (Healthy), Anton Blidh (Healthy), A.J. Jenks (Healthy)
Connor Knapp (Healthy), Eamon McAdam (Healthy), Philippe Desrosiers (Healthy), Ville Husso (Healthy)
% Time on Ice - Rafales
Lines # - Real PCT - Wanted PCT - Time Play
Normal Forward
1 - 37% - 40% - 19:51
2 - 28% - 30% - 14:46
3 - 22% - 20% - 11:58
4 - 13% - 10% - 7:04
Normal Defense
1 - 40% - 40% - 21:30
2 - 30% - 30% - 16:21
3 - 23% - 20% - 12:20
4 - 6% - 10% - 3:28
PP Forward
1 - 54% - 60% - 1:04
2 - 46% - 40% - 0:55
PP Defense
1 - 66% - 60% - 1:18
2 - 34% - 40% - 0:41
PK Forward
1 - 81% - 60% - 3:32
2 - 19% - 40% - 0:50
PK Defense
1 - 58% - 60% - 2:31
2 - 42% - 40% - 1:51
PK3 Forward
1 - 0% - 60%
2 - 0% - 40%
PK3 Defense
1 - 0% - 60%
2 - 0% - 40%
44 Forward
1 - 0% - 60%
2 - 0% - 40%
44 Defense
1 - 0% - 60%
2 - 0% - 40%
Last Minute Offensive - 0:00
Last Minute Defensive - 0:00
Total
Forward - 60:00
Defense - 60:00
|
% Time on Ice - Knights
Lines # - Real PCT - Wanted PCT - Time Play
Normal Forward
1 - 37% - 38% - 20:03
2 - 29% - 30% - 15:25
3 - 19% - 18% - 10:01
4 - 15% - 14% - 8:10
Normal Defense
1 - 41% - 40% - 22:00
2 - 32% - 30% - 16:56
3 - 21% - 20% - 11:29
4 - 6% - 10% - 3:14
PP Forward
1 - 60% - 60% - 2:36
2 - 40% - 40% - 1:46
PP Defense
1 - 83% - 60% - 3:37
2 - 17% - 40% - 0:45
PK Forward
1 - 69% - 60% - 1:22
2 - 31% - 40% - 0:37
PK Defense
1 - 61% - 60% - 1:13
2 - 39% - 40% - 0:46
PK3 Forward
1 - 0% - 60%
2 - 0% - 40%
PK3 Defense
1 - 0% - 60%
2 - 0% - 40%
44 Forward
1 - 0% - 60%
2 - 0% - 40%
44 Defense
1 - 0% - 60%
2 - 0% - 40%
Last Minute Offensive - 0:00
Last Minute Defensive - 0:00
Total
Forward - 60:00
Defense - 60:00
|
Play by Play
1st period
0:01 of 1st period - Noel Acciari wins face-off versus Mike Zigomanis in neutral zone.
0:06 of 1st period - Wrist shot by Michael Raffl.
0:06 of 1st period - Stopped by Chris Driedger with a rebound.
1:20 of 1st period - Slapshot by Connor Murphy.
1:20 of 1st period - Deflect By Jaccob Slavin.
1:20 of 1st period - Stopped by Ben Scrivens with a rebound.
1:22 of 1st period - Wrist shot by Jayson Megna.
1:22 of 1st period - Stopped by Ben Scrivens with a rebound.
1:36 of 1st period - Snap shot by Cody McLeod.
1:36 of 1st period - Shot Blocked by Noel Acciari.
2:04 of 1st period - Jaccob Slavin is hit by Nathan Davis and loses puck.
2:52 of 1st period - Minor Penalty to Dylan McIlrath for Roughing.
2:53 of 1st period - Mike Zigomanis wins face-off versus Noel Acciari in Rafales zone.
3:01 of 1st period - Matt Gilroy is hit by Noel Acciari.
3:05 of 1st period - Pavel Buchnevich is hit by Mike Zigomanis and loses puck.
3:20 of 1st period - Linden Vey is hit by Slater Koekkoek.
4:02 of 1st period - Linden Vey is hit by Matt Gilroy.
4:18 of 1st period - Michael Raffl is hit by Carl Klingberg and loses puck.
4:41 of 1st period - Mike Zigomanis is hit by Michael Raffl.
4:52 of 1st period - Penalty to Dylan McIlrath is over, Dylan McIlrath is back on ice.
6:12 of 1st period - Jared Spurgeon is hit by Jayson Megna and loses puck.
6:25 of 1st period - Icing by Jaccob Slavin.
6:26 of 1st period - Mike Zigomanis wins face-off versus Brendan Gaunce in Knights zone.
6:53 of 1st period - Snap shot by Pavel Buchnevich.
6:53 of 1st period - Shot Blocked by Julian Melchiori.
6:55 of 1st period - Snap shot by Noel Acciari.
6:55 of 1st period - Deflect By Nathan Davis.
6:55 of 1st period - Shot Misses the Net.
6:55 of 1st period - Puck is out of play.
6:56 of 1st period - Noel Acciari wins face-off versus Mike Zigomanis in Rafales zone.
7:03 of 1st period - Wrist shot by Noel Acciari.
7:03 of 1st period - Deflect By Pavel Buchnevich.
7:03 of 1st period - Shot Misses the Net.
7:03 of 1st period - Puck is out of play.
7:04 of 1st period - Mike Zigomanis wins face-off versus Noel Acciari in Rafales zone.
7:59 of 1st period - Wrist shot by Michael Bournival.
7:59 of 1st period - Deflect By Tim Crowder.
7:59 of 1st period - Shot Misses the Net.
7:59 of 1st period - Puck is out of play.
8:00 of 1st period - Mike Zigomanis wins face-off versus Noel Acciari in Knights zone.
8:09 of 1st period - Snap shot by Michael Raffl.
8:09 of 1st period - Deflect By Pavel Buchnevich.
8:09 of 1st period - Shot Misses the Net.
8:09 of 1st period - Puck is out of play.
8:10 of 1st period - Mike Zigomanis wins face-off versus Noel Acciari in Rafales zone.
8:17 of 1st period - Wrist shot by Noel Acciari.
8:17 of 1st period - Shot Blocked by Cody McLeod.
8:21 of 1st period - Wrist shot by Pavel Buchnevich.
8:21 of 1st period - Stopped by Chris Driedger without a rebound.
8:22 of 1st period - Mike Zigomanis wins face-off versus Noel Acciari in Rafales zone.
8:35 of 1st period - Wrist shot by Connor Murphy.
8:35 of 1st period - Shot Misses the Net.
9:14 of 1st period - Dennis Persson is hit by Tom Wilson and loses puck.
9:19 of 1st period - Slapshot by Stefan Matteau.
9:19 of 1st period - Goal by Stefan Matteau - Rafales : 0 - Knights : 1.
9:20 of 1st period - Mike Zigomanis wins face-off versus Pavel Buchnevich in neutral zone.
9:20 of 1st period - Mike Zigomanis is hit by Noel Acciari.
9:33 of 1st period - Wrist shot by Pavel Buchnevich.
9:33 of 1st period - Goal by Pavel Buchnevich - Rafales : 0 - Knights : 2.
9:34 of 1st period - Mike Zigomanis wins face-off versus Jonathan Drouin in neutral zone.
9:47 of 1st period - Wrist shot by Cody McLeod.
9:47 of 1st period - Stopped by Ben Scrivens without a rebound.
9:48 of 1st period - Nathan Davis wins face-off versus Noel Acciari in Knights zone.
10:01 of 1st period - Backhand shot by Brian Ferlin.
10:01 of 1st period - Shot Misses the Net.
10:03 of 1st period - Slapshot by Matt Gilroy.
10:03 of 1st period - Stopped by Ben Scrivens without a rebound.
10:04 of 1st period - Mike Zigomanis wins face-off versus Jonathan Drouin in Knights zone.
10:15 of 1st period - Wrist shot by Mike Zigomanis.
10:15 of 1st period - Shot Blocked by Jordan Martinook.
10:17 of 1st period - Slapshot by Julian Melchiori.
10:17 of 1st period - Shot Misses the Net.
10:19 of 1st period - Snap shot by Dylan McIlrath.
10:19 of 1st period - Stopped by Ben Scrivens without a rebound.
10:20 of 1st period - Noel Acciari wins face-off versus Nathan Davis in Knights zone.
10:20 of 1st period - Noel Acciari is hit by Nathan Davis.
10:26 of 1st period - Slapshot by Michael Raffl.
10:26 of 1st period - Stopped by Chris Driedger without a rebound.
10:27 of 1st period - Noel Acciari wins face-off versus Nathan Davis in Rafales zone.
10:28 of 1st period - Slapshot by Pavel Buchnevich.
10:28 of 1st period - Shot Misses the Net.
11:40 of 1st period - Snap shot by Linden Vey.
11:40 of 1st period - Shot Misses the Net.
12:00 of 1st period - Snap shot by Nathan Davis.
12:00 of 1st period - Stopped by Ben Scrivens without a rebound.
12:01 of 1st period - Nathan Davis wins face-off versus Noel Acciari in Knights zone.
12:04 of 1st period - Slapshot by Nathan Davis.
12:04 of 1st period - Shot Blocked by Zach Trotman.
12:16 of 1st period - Slapshot by Carl Klingberg.
12:16 of 1st period - Shot Misses the Net.
12:35 of 1st period - Snap shot by Michael Raffl.
12:35 of 1st period - Deflect By Noel Acciari.
12:35 of 1st period - Shot Misses the Net.
12:35 of 1st period - Puck is out of play.
12:36 of 1st period - Mike Zigomanis wins face-off versus Jordan Martinook in Rafales zone.
12:43 of 1st period - Slapshot by Cody McLeod.
12:43 of 1st period - Shot Hit the Post.
13:01 of 1st period - Brendan Gaunce is hit by Kevin Veilleux and loses puck.
13:52 of 1st period - Julian Melchiori is hit by Jared Spurgeon and loses puck.
14:15 of 1st period - Snap shot by Mike Zigomanis.
14:15 of 1st period - Stopped by Ben Scrivens without a rebound.
14:16 of 1st period - Mike Zigomanis wins face-off versus Noel Acciari in Knights zone.
14:17 of 1st period - Wrist shot by Cody McLeod.
14:17 of 1st period - Stopped by Ben Scrivens without a rebound.
14:18 of 1st period - Mike Zigomanis wins face-off versus Noel Acciari in Knights zone.
14:43 of 1st period - Brian Ferlin is hit by Jordan Martinook and loses puck.
15:28 of 1st period - Snap shot by Cody McLeod.
15:28 of 1st period - Stopped by Ben Scrivens with a rebound.
15:30 of 1st period - Slapshot by Dennis Persson.
15:30 of 1st period - Stopped by Ben Scrivens without a rebound.
15:31 of 1st period - Mike Zigomanis wins face-off versus Noel Acciari in Knights zone.
15:56 of 1st period - Carl Klingberg is hit by Collin Miller and loses puck.
16:05 of 1st period - Wrist shot by Jonathan Drouin.
16:05 of 1st period - Stopped by Chris Driedger with a rebound.
16:21 of 1st period - Matt Gilroy is hit by Zach Trotman and loses puck.
16:47 of 1st period - Snap shot by Linden Vey.
16:47 of 1st period - Stopped by Chris Driedger without a rebound.
16:48 of 1st period - Noel Acciari wins face-off versus Cody McLeod in Rafales zone.
16:49 of 1st period - Snap shot by Pavel Buchnevich.
16:49 of 1st period - Shot Blocked by Julian Melchiori.
16:51 of 1st period - Minor Penalty to Dylan McIlrath for Holding.
16:52 of 1st period - Noel Acciari wins face-off versus Mike Zigomanis in Rafales zone.
16:59 of 1st period - Snap shot by Pavel Buchnevich.
16:59 of 1st period - Goal by Pavel Buchnevich - Rafales : 0 - Knights : 3.
17:00 of 1st period - Noel Acciari wins face-off versus Mike Zigomanis in neutral zone.
17:02 of 1st period - Off-side.
17:03 of 1st period - Mike Zigomanis wins face-off versus Michael Raffl in neutral zone.
17:13 of 1st period - Icing by Zach Trotman.
17:14 of 1st period - Noel Acciari wins face-off versus Mike Zigomanis in Knights zone.
17:25 of 1st period - Wrist shot by Noel Acciari.
17:25 of 1st period - Shot Misses the Net.
17:27 of 1st period - Wrist shot by Michael Raffl.
17:27 of 1st period - Stopped by Chris Driedger with a rebound.
17:29 of 1st period - Snap shot by Michael Raffl.
17:29 of 1st period - Goal by Michael Raffl - Rafales : 0 - Knights : 4.
17:30 of 1st period - Mike Zigomanis wins face-off versus Noel Acciari in neutral zone.
17:55 of 1st period - Connor Murphy is hit by Jonathan Drouin and loses puck.
18:05 of 1st period - Icing by Michael Matheson.
18:06 of 1st period - Jonathan Drouin wins face-off versus Mike Zigomanis in Knights zone.
19:15 of 1st period - Wrist shot by Stefan Matteau.
19:15 of 1st period - Stopped by Chris Driedger with a rebound.
19:17 of 1st period - Snap shot by Stefan Matteau.
19:17 of 1st period - Shot Misses the Net.
19:19 of 1st period - Slapshot by Zach Trotman.
19:19 of 1st period - Shot Misses the Net.
Goals for this period are 0 for Rafales vs 4 for Knights.
Shots for this period are 10 for Rafales vs 11 for Knights.
2nd period
0:01 of 2nd period - Noel Acciari wins face-off versus Mike Zigomanis in neutral zone.
0:13 of 2nd period - Slapshot by Noel Acciari.
0:13 of 2nd period - Shot Misses the Net.
0:19 of 2nd period - Dylan McIlrath is hit by Noel Acciari and loses puck.
0:29 of 2nd period - Icing by Michael Raffl.
0:30 of 2nd period - Josh Bailey wins face-off versus Nathan Davis in Knights zone.
0:30 of 2nd period - Josh Bailey is hit by Brian Ferlin.
0:42 of 2nd period - Wrist shot by Brian Ferlin.
0:42 of 2nd period - Shot Hit the Post.
0:44 of 2nd period - Slapshot by Matt Gilroy.
0:44 of 2nd period - Stopped by Ben Scrivens with a rebound.
0:46 of 2nd period - Wrist shot by Carl Klingberg.
0:46 of 2nd period - Deflect By Josh Bailey.
0:46 of 2nd period - Shot Blocked by Jordan Martinook.
0:46 of 2nd period - Puck is out of play.
0:47 of 2nd period - Noel Acciari wins face-off versus Mike Zigomanis in Knights zone.
0:54 of 2nd period - Jared Spurgeon is hit by Cody McLeod and loses puck.
1:15 of 2nd period - Snap shot by Tim Crowder.
1:15 of 2nd period - Stopped by Ben Scrivens with a rebound.
1:48 of 2nd period - Snap shot by Nathan Davis.
1:48 of 2nd period - Stopped by Ben Scrivens with a rebound.
1:57 of 2nd period - Off-side.
1:58 of 2nd period - Jayson Megna wins face-off versus Stefan Matteau in neutral zone.
2:03 of 2nd period - Wrist shot by James Marcou.
2:03 of 2nd period - Shot Blocked by Tom Wilson.
2:05 of 2nd period - Wrist shot by James Marcou.
2:05 of 2nd period - Shot Hit the Post.
2:07 of 2nd period - Slapshot by Jayson Megna.
2:07 of 2nd period - Stopped by Ben Scrivens with a rebound.
2:09 of 2nd period - Slapshot by Connor Murphy.
2:09 of 2nd period - Stopped by Ben Scrivens without a rebound.
2:10 of 2nd period - Noel Acciari wins face-off versus Mike Zigomanis in Knights zone.
2:47 of 2nd period - Off-side.
2:48 of 2nd period - Mike Zigomanis wins face-off versus Brendan Gaunce in neutral zone.
3:00 of 2nd period - Off-side.
3:01 of 2nd period - Mike Zigomanis wins face-off versus Noel Acciari in neutral zone.
3:16 of 2nd period - Slapshot by Michael Raffl.
3:16 of 2nd period - Stopped by Chris Driedger with a rebound.
3:26 of 2nd period - Wrist shot by Josh Bailey.
3:26 of 2nd period - Shot Misses the Net.
3:28 of 2nd period - Slapshot by Jaccob Slavin.
3:28 of 2nd period - Stopped by Chris Driedger without a rebound.
3:29 of 2nd period - Kevin Veilleux wins face-off versus Jonathan Drouin in Rafales zone.
3:40 of 2nd period - Wrist shot by Josh Bailey.
3:40 of 2nd period - Goal by Josh Bailey - Rafales : 0 - Knights : 5.
3:41 of 2nd period - Mike Zigomanis wins face-off versus Noel Acciari in neutral zone.
3:44 of 2nd period - Wrist shot by Cody McLeod.
3:44 of 2nd period - Shot Misses the Net.
3:49 of 2nd period - Off-side.
3:50 of 2nd period - Milan Bartovic wins face-off versus Noel Acciari in neutral zone.
3:55 of 2nd period - Connor Murphy is hit by Noel Acciari and loses puck.
4:08 of 2nd period - Milan Bartovic is hit by Jared Spurgeon and loses puck.
4:13 of 2nd period - Snap shot by Noel Acciari.
4:13 of 2nd period - Deflect By Michael Raffl.
4:13 of 2nd period - Stopped by Chris Driedger without a rebound.
4:14 of 2nd period - Nathan Davis wins face-off versus Jonathan Drouin in Rafales zone.
4:41 of 2nd period - Michael Matheson is hit by Dylan McIlrath and loses puck.
5:10 of 2nd period - Wrist shot by James Marcou.
5:10 of 2nd period - Deflect By Chris Terry.
5:10 of 2nd period - Shot Hit the Post.
5:10 of 2nd period - Puck is out of play.
5:11 of 2nd period - Mike Zigomanis wins face-off versus Noel Acciari in Knights zone.
5:23 of 2nd period - Minor Penalty to Noel Acciari for Goalie Interference.
5:24 of 2nd period - Linden Vey wins face-off versus Mike Zigomanis in Knights zone.
5:24 of 2nd period - Linden Vey is hit by Cody McLeod.
6:17 of 2nd period - Snap shot by Stefan Matteau.
6:17 of 2nd period - Stopped by Chris Driedger with a rebound.
6:49 of 2nd period - Slapshot by Collin Miller.
6:49 of 2nd period - Stopped by Chris Driedger with a rebound.
7:06 of 2nd period - Icing by Matt Gilroy.
7:07 of 2nd period - Linden Vey wins face-off versus Mike Zigomanis in Rafales zone.
7:23 of 2nd period - Penalty to Noel Acciari is over, Noel Acciari is back on ice.
7:34 of 2nd period - Snap shot by Jordan Martinook.
7:34 of 2nd period - Shot Blocked by Slater Koekkoek.
7:36 of 2nd period - Wrist shot by Michael Matheson.
7:36 of 2nd period - Stopped by Chris Driedger with a rebound.
7:38 of 2nd period - Snap shot by Jonathan Drouin.
7:38 of 2nd period - Goal by Jonathan Drouin - Rafales : 0 - Knights : 6.
7:38 of 2nd period - Leland Irving enters game.
7:39 of 2nd period - Noel Acciari wins face-off versus Cody McLeod in neutral zone.
7:47 of 2nd period - Slapshot by Matt Gilroy.
7:47 of 2nd period - Shot Misses the Net.
7:49 of 2nd period - Wrist shot by Milan Bartovic.
7:49 of 2nd period - Stopped by Ben Scrivens without a rebound.
7:50 of 2nd period - Mike Zigomanis wins face-off versus Noel Acciari in Knights zone.
7:51 of 2nd period - Wrist shot by Cody McLeod.
7:51 of 2nd period - Shot Misses the Net.
8:17 of 2nd period - Nathan Davis is hit by Josh Bailey and loses puck.
8:24 of 2nd period - Wrist shot by Jonathan Drouin.
8:24 of 2nd period - Stopped by Leland Irving without a rebound.
8:25 of 2nd period - Mike Zigomanis wins face-off versus Jonathan Drouin in Rafales zone.
8:53 of 2nd period - Wrist shot by Milan Bartovic.
8:53 of 2nd period - Stopped by Ben Scrivens with a rebound.
9:05 of 2nd period - Dennis Persson is hit by Josh Morrissey and loses puck.
9:18 of 2nd period - Snap shot by Stefan Matteau.
9:18 of 2nd period - Stopped by Leland Irving without a rebound.
9:19 of 2nd period - Kevin Veilleux wins face-off versus Stefan Matteau in Rafales zone.
9:19 of 2nd period - Kevin Veilleux is hit by Tom Wilson.
9:55 of 2nd period - Wrist shot by Tom Wilson.
9:55 of 2nd period - Stopped by Leland Irving with a rebound.
10:25 of 2nd period - Slapshot by Kevin Veilleux.
10:25 of 2nd period - Deflect By Valentin Zykov.
10:25 of 2nd period - Shot Misses the Net.
10:25 of 2nd period - Puck is out of play.
10:26 of 2nd period - Noel Acciari wins face-off versus Mike Zigomanis in Knights zone.
10:37 of 2nd period - Snap shot by Noel Acciari.
10:37 of 2nd period - Shot Misses the Net.
10:59 of 2nd period - Snap shot by Jonathan Drouin.
10:59 of 2nd period - Deflect By Jordan Martinook.
10:59 of 2nd period - Shot Misses the Net.
10:59 of 2nd period - Puck is out of play.
11:00 of 2nd period - Jonathan Drouin wins face-off versus Nathan Davis in Rafales zone.
11:17 of 2nd period - Wrist shot by Josh Bailey.
11:17 of 2nd period - Shot Misses the Net.
11:19 of 2nd period - Slapshot by Josh Bailey.
11:19 of 2nd period - Shot Misses the Net.
11:21 of 2nd period - Wrist shot by Josh Bailey.
11:21 of 2nd period - Goal by Josh Bailey - Rafales : 0 - Knights : 7.
11:22 of 2nd period - Noel Acciari wins face-off versus Mike Zigomanis in neutral zone.
11:22 of 2nd period - Jared Spurgeon beats up Cody McLeod.
11:22 of 2nd period - Penalty to Jared Spurgeon for Fighting.
11:22 of 2nd period - Penalty to Cody McLeod for Fighting.
11:23 of 2nd period - Noel Acciari wins face-off versus Mike Zigomanis in neutral zone.
11:26 of 2nd period - Milan Bartovic is hit by Michael Raffl and loses puck.
11:37 of 2nd period - Wrist shot by Noel Acciari.
11:37 of 2nd period - Shot Blocked by Michael Bournival.
11:39 of 2nd period - Snap shot by Noel Acciari.
11:39 of 2nd period - Shot Misses the Net.
12:13 of 2nd period - Wrist shot by James Marcou.
12:13 of 2nd period - Shot Misses the Net.
12:15 of 2nd period - Snap shot by Chris Terry.
12:15 of 2nd period - Stopped by Ben Scrivens with a rebound.
12:17 of 2nd period - Snap shot by Jayson Megna.
12:17 of 2nd period - Goal by Jayson Megna - Rafales : 1 - Knights : 7.
12:18 of 2nd period - Noel Acciari wins face-off versus Mike Zigomanis in neutral zone.
12:50 of 2nd period - Wrist shot by Josh Bailey.
12:50 of 2nd period - Stopped by Leland Irving with a rebound.
12:52 of 2nd period - Backhand shot by Zach Trotman.
12:52 of 2nd period - Shot Blocked by Nathan Davis.
12:54 of 2nd period - Snap shot by Jordan Martinook.
12:54 of 2nd period - Shot Misses the Net.
13:33 of 2nd period - Michael Matheson is hit by Mike Zigomanis and loses puck.
13:48 of 2nd period - Carl Klingberg is hit by Noel Acciari and loses puck.
13:55 of 2nd period - Julian Melchiori is hit by Michael Raffl and loses puck.
14:33 of 2nd period - Icing by Matt Gilroy.
14:34 of 2nd period - Brendan Gaunce wins face-off versus Kevin Veilleux in Rafales zone.
15:17 of 2nd period - Minor Penalty to Dylan McIlrath for Hooking.
15:18 of 2nd period - Noel Acciari wins face-off versus Mike Zigomanis in Rafales zone.
16:22 of 2nd period - Penalty to Cody McLeod is over, Cody McLeod is back on ice.
17:06 of 2nd period - Jared Spurgeon is hit by Michael Bournival and loses puck.
17:17 of 2nd period - Penalty to Dylan McIlrath is over, Dylan McIlrath is back on ice.
17:23 of 2nd period - Snap shot by Kevin Veilleux.
17:23 of 2nd period - Shot Blocked by Michael Matheson.
17:25 of 2nd period - Slapshot by Slater Koekkoek.
17:25 of 2nd period - Shot Blocked by Tom Wilson.
17:45 of 2nd period - Slapshot by Dennis Persson.
17:45 of 2nd period - Deflect By Carl Klingberg.
17:45 of 2nd period - Shot Misses the Net.
17:45 of 2nd period - Puck is out of play.
17:46 of 2nd period - Brendan Gaunce wins face-off versus Nathan Davis in Knights zone.
18:10 of 2nd period - Snap shot by Cody McLeod.
18:10 of 2nd period - Shot Misses the Net.
18:34 of 2nd period - Scott Wilson is hit by Connor Murphy and loses puck.
19:46 of 2nd period - Off-side.
19:47 of 2nd period - Jordan Martinook wins face-off versus Kevin Veilleux in neutral zone.
19:54 of 2nd period - Connor Murphy is hit by Jordan Martinook.
19:58 of 2nd period - Wrist shot by Jordan Martinook.
19:58 of 2nd period - Shot Blocked by Connor Murphy.
Goals for this period are 1 for Rafales vs 3 for Knights.
Shots for this period are 9 for Rafales vs 13 for Knights.
3rd period
0:01 of 3rd period - Noel Acciari wins face-off versus Cody McLeod in neutral zone.
0:03 of 3rd period - Off-side.
0:04 of 3rd period - Mike Zigomanis wins face-off versus Noel Acciari in neutral zone.
0:15 of 3rd period - Snap shot by Pavel Buchnevich.
0:15 of 3rd period - Deflect By Michael Raffl.
0:15 of 3rd period - Shot Misses the Net.
0:15 of 3rd period - Puck is out of play.
0:16 of 3rd period - Mike Zigomanis wins face-off versus Noel Acciari in Rafales zone.
0:23 of 3rd period - Snap shot by Cody McLeod.
0:23 of 3rd period - Stopped by Ben Scrivens with a rebound.
0:29 of 3rd period - Slapshot by Jaccob Slavin.
0:29 of 3rd period - Shot Misses the Net.
0:31 of 3rd period - Snap shot by Pavel Buchnevich.
0:31 of 3rd period - Goal by Pavel Buchnevich - Rafales : 1 - Knights : 8.
0:32 of 3rd period - Noel Acciari wins face-off versus Mike Zigomanis in neutral zone.
0:56 of 3rd period - Icing by Noel Acciari.
0:57 of 3rd period - Jonathan Drouin wins face-off versus Nathan Davis in Knights zone.
1:26 of 3rd period - Wrist shot by Noel Acciari.
1:26 of 3rd period - Shot Blocked by Dennis Persson.
1:32 of 3rd period - Jaccob Slavin is hit by Milan Bartovic and loses puck.
3:16 of 3rd period - Snap shot by James Marcou.
3:16 of 3rd period - Stopped by Ben Scrivens with a rebound.
3:34 of 3rd period - Josh Morrissey is hit by Nathan Davis and loses puck.
4:27 of 3rd period - Slapshot by Jaccob Slavin.
4:27 of 3rd period - Deflect By Noel Acciari.
4:27 of 3rd period - Deflect By Slater Koekkoek.
4:27 of 3rd period - Stopped by Leland Irving with a rebound.
4:29 of 3rd period - Minor Penalty to Dennis Persson for Slashing.
4:30 of 3rd period - Mike Zigomanis wins face-off versus Noel Acciari in Rafales zone.
4:45 of 3rd period - Slapshot by Jaccob Slavin.
4:45 of 3rd period - Goal by Jaccob Slavin - Rafales : 1 - Knights : 9.
4:46 of 3rd period - Noel Acciari wins face-off versus Mike Zigomanis in neutral zone.
4:57 of 3rd period - Snap shot by Noel Acciari.
4:57 of 3rd period - Shot Blocked by Matt Gilroy.
4:59 of 3rd period - Slapshot by Pavel Buchnevich.
4:59 of 3rd period - Shot Misses the Net.
5:01 of 3rd period - Snap shot by Pavel Buchnevich.
5:01 of 3rd period - Goal by Pavel Buchnevich - Rafales : 1 - Knights : 10.
5:02 of 3rd period - Noel Acciari wins face-off versus Mike Zigomanis in neutral zone.
5:05 of 3rd period - Cody McLeod is hit by Michael Raffl.
5:15 of 3rd period - Off-side.
5:16 of 3rd period - Nathan Davis wins face-off versus Josh Bailey in neutral zone.
5:21 of 3rd period - Snap shot by Carl Klingberg.
5:21 of 3rd period - Shot Blocked by Jaccob Slavin.
6:45 of 3rd period - Icing by Jared Spurgeon.
6:46 of 3rd period - Brendan Gaunce wins face-off versus Nathan Davis in Knights zone.
6:58 of 3rd period - Slapshot by Noel Acciari.
6:58 of 3rd period - Shot Blocked by Matt Gilroy.
7:00 of 3rd period - Backhand shot by Michael Matheson.
7:00 of 3rd period - Stopped by Leland Irving with a rebound.
7:02 of 3rd period - Snap shot by Pavel Buchnevich.
7:02 of 3rd period - Shot Blocked by Brian Ferlin.
7:12 of 3rd period - Josh Bailey is hit by Matt Gilroy and loses puck.
8:24 of 3rd period - Connor Murphy is hit by Jared Spurgeon.
8:52 of 3rd period - Snap shot by Noel Acciari.
8:52 of 3rd period - Goal by Noel Acciari - Rafales : 1 - Knights : 11.
8:53 of 3rd period - Mike Zigomanis wins face-off versus Noel Acciari in neutral zone.
9:18 of 3rd period - Dennis Persson is hit by Jordan Martinook.
9:30 of 3rd period - Carl Klingberg is hit by Michael Matheson and loses puck.
9:49 of 3rd period - Wrist shot by Tim Crowder.
9:49 of 3rd period - Goal by Tim Crowder - Rafales : 2 - Knights : 11.
9:50 of 3rd period - Mike Zigomanis wins face-off versus Noel Acciari in neutral zone.
9:59 of 3rd period - Wrist shot by Cody McLeod.
9:59 of 3rd period - Stopped by Ben Scrivens without a rebound.
10:00 of 3rd period - Mike Zigomanis wins face-off versus Noel Acciari in Knights zone.
10:17 of 3rd period - Snap shot by Cody McLeod.
10:17 of 3rd period - Stopped by Ben Scrivens with a rebound.
10:19 of 3rd period - Slapshot by Slater Koekkoek.
10:19 of 3rd period - Shot Misses the Net.
10:21 of 3rd period - Wrist shot by Mike Zigomanis.
10:21 of 3rd period - Shot Blocked by Zach Trotman.
10:23 of 3rd period - Snap shot by Cody McLeod.
10:23 of 3rd period - Stopped by Ben Scrivens with a rebound.
10:33 of 3rd period - Slapshot by Mike Zigomanis.
10:33 of 3rd period - Shot Misses the Net.
10:35 of 3rd period - Slapshot by Mike Zigomanis.
10:35 of 3rd period - Stopped by Ben Scrivens without a rebound.
10:36 of 3rd period - Jordan Martinook wins face-off versus Nathan Davis in Knights zone.
10:36 of 3rd period - Jordan Martinook is hit by Carl Klingberg.
10:42 of 3rd period - Wrist shot by Josh Bailey.
10:42 of 3rd period - Shot Blocked by Connor Murphy.
10:44 of 3rd period - Snap shot by Jordan Martinook.
10:44 of 3rd period - Deflect By Josh Bailey.
10:44 of 3rd period - Goal by Josh Bailey - Rafales : 2 - Knights : 12.
10:45 of 3rd period - Jonathan Drouin wins face-off versus Cody McLeod in neutral zone.
10:48 of 3rd period - Wrist shot by Jonathan Drouin.
10:48 of 3rd period - Shot Misses the Net.
10:56 of 3rd period - Slapshot by Jonathan Drouin.
10:56 of 3rd period - Shot Misses the Net.
12:16 of 3rd period - Snap shot by Mike Zigomanis.
12:16 of 3rd period - Goal by Mike Zigomanis - Rafales : 3 - Knights : 12.
12:17 of 3rd period - Mike Zigomanis wins face-off versus Jonathan Drouin in neutral zone.
12:22 of 3rd period - Wrist shot by Milan Bartovic.
12:22 of 3rd period - Shot Blocked by Jordan Martinook.
12:25 of 3rd period - Icing by Zach Trotman.
12:26 of 3rd period - Mike Zigomanis wins face-off versus Jonathan Drouin in Knights zone.
12:27 of 3rd period - Snap shot by Cody McLeod.
12:27 of 3rd period - Stopped by Ben Scrivens without a rebound.
12:28 of 3rd period - Mike Zigomanis wins face-off versus Noel Acciari in Knights zone.
12:31 of 3rd period - Wrist shot by Cody McLeod.
12:31 of 3rd period - Deflect By Milan Bartovic.
12:31 of 3rd period - Stopped by Ben Scrivens with a rebound.
12:41 of 3rd period - Snap shot by Noel Acciari.
12:41 of 3rd period - Stopped by Leland Irving with a rebound.
12:43 of 3rd period - Wrist shot by Jared Spurgeon.
12:43 of 3rd period - Deflect By Noel Acciari.
12:43 of 3rd period - Shot Misses the Net.
12:43 of 3rd period - Puck is out of play.
12:44 of 3rd period - Jonathan Drouin wins face-off versus Nathan Davis in Rafales zone.
13:16 of 3rd period - Snap shot by Jared Spurgeon.
13:16 of 3rd period - Deflect By Tim Crowder.
13:16 of 3rd period - Stopped by Leland Irving without a rebound.
13:17 of 3rd period - Noel Acciari wins face-off versus Mike Zigomanis in Rafales zone.
13:26 of 3rd period - Slapshot by Milan Bartovic.
13:26 of 3rd period - Shot Blocked by Pavel Buchnevich.
13:28 of 3rd period - Snap shot by Dennis Persson.
13:28 of 3rd period - Stopped by Ben Scrivens with a rebound.
14:16 of 3rd period - Snap shot by Michael Bournival.
14:16 of 3rd period - Shot Misses the Net.
14:18 of 3rd period - Snap shot by Michael Bournival.
14:18 of 3rd period - Shot Misses the Net.
14:20 of 3rd period - Snap shot by Michael Bournival.
14:20 of 3rd period - Stopped by Ben Scrivens without a rebound.
14:21 of 3rd period - Mike Zigomanis wins face-off versus Jonathan Drouin in Knights zone.
14:24 of 3rd period - Wrist shot by Cody McLeod.
14:24 of 3rd period - Shot Blocked by Jonathan Drouin.
14:28 of 3rd period - Wrist shot by Milan Bartovic.
14:28 of 3rd period - Goal by Milan Bartovic - Rafales : 4 - Knights : 12.
14:29 of 3rd period - Mike Zigomanis wins face-off versus Jonathan Drouin in neutral zone.
14:55 of 3rd period - Jaccob Slavin is hit by Michael Bournival and loses puck.
15:14 of 3rd period - Icing by Jordan Martinook.
15:15 of 3rd period - Jonathan Drouin wins face-off versus Nathan Davis in Knights zone.
15:20 of 3rd period - Slapshot by Brian Ferlin.
15:20 of 3rd period - Shot Misses the Net.
15:22 of 3rd period - Slapshot by Julian Melchiori.
15:22 of 3rd period - Shot Misses the Net.
15:24 of 3rd period - Wrist shot by Nathan Davis.
15:24 of 3rd period - Stopped by Ben Scrivens with a rebound.
15:51 of 3rd period - Snap shot by Nathan Davis.
15:51 of 3rd period - Stopped by Ben Scrivens without a rebound.
15:52 of 3rd period - Noel Acciari wins face-off versus Mike Zigomanis in Knights zone.
16:07 of 3rd period - Wrist shot by Pavel Buchnevich.
16:07 of 3rd period - Shot Misses the Net.
16:42 of 3rd period - Snap shot by Jared Spurgeon.
16:42 of 3rd period - Deflect By Linden Vey.
16:42 of 3rd period - Stopped by Leland Irving with a rebound.
17:56 of 3rd period - Julian Melchiori is hit by Brendan Gaunce and loses puck.
18:27 of 3rd period - Wrist shot by Carl Klingberg.
18:27 of 3rd period - Shot Misses the Net.
18:47 of 3rd period - Stefan Matteau is hit by James Marcou and loses puck.
Goals for this period are 3 for Rafales vs 5 for Knights.
Shots for this period are 15 for Rafales vs 10 for Knights.
Back to the Top